AoeStats
← Sonny

Fortress

510009667Analyzed
3v3 RM · 3d ago on Sep 29, 2026· 30m 33s· 6 players
Game mode
Random Map
Map size
Large (8 player)
Population
200
Speed
Normal
Resources
Standard
Victory
Conquest
Starting age
Dark Age
Ending age
Imperial Age
RankedLock teamsTeams togetherTeam positionsShared explorationLock speedFull tech treeHidden civsTurbo modeCheats
Victory
Defeat
🇺🇸 Spanish · United States
852
+15
🇺🇸 Franks · United States
847
+15
🇺🇸 Portuguese · United States
831
+15
🇺🇸 Franks · United States
874
-18
🇺🇸 Mapuche · United States
801
-14
🇯🇵 Khitans · Japan
783
-13
Pseudofinch
8:53 Feudal Age
7:20 Loom
9:45 Double-Bit Axe
15:00 Castle Age
13:27 Forging
13:23 Scale Barding Armor
15:46 Husbandry
16:52 Bow Saw
16:52 Gold Mining
16:54 Stone Mining
21:20 Wheelbarrow
21:26 Town Watch
23:12 Hand Cart
25:05 Iron Casting
24:51 Chain Barding Armor
29:18 Imperial Age
30:44 Town Patrol
Sonny
5:09 Loom
7:57 Feudal Age
9:19 Horse Collar
9:25 Double-Bit Axe
9:56 Man-at-Arms
10:54 Town Watch
12:01 Town Watch
16:40 Castle Age
15:17 Arson
15:37 Scale Mail Armor
16:54 Wheelbarrow
18:27 Gold Mining
18:27 Stone Mining
21:19 Bow Saw
22:05 Pikeman
25:36 Hand Cart
27:23 Circumnavigation
30:52 Chain Mail Armor
30:48 Forging
Wesley
8:25 Feudal Age
10:41 Double-Bit Axe
13:28 Castle Age
11:18 Horse Collar
17:02 Bow Saw
18:17 Wheelbarrow
21:41 Heavy Plow
26:47 Imperial Age
24:14 Stone Mining
25:04 Forging
24:55 Scale Mail Armor
24:56 Padded Archer Armor
26:09 Pikeman
26:53 Squires
27:05 Gold Mining
27:00 Elite Conquistador
28:00 Leather Archer Armor
27:38 Arson
28:32 Conscription
29:55 Iron Casting
31:05 Ring Archer Armor
ogipochi_
8:33 Feudal Age
7:29 Loom
9:20 Double-Bit Axe
9:16 Domestication
13:13 Castle Age
11:13 Man-at-Arms
12:25 Arson
13:45 Wheelbarrow
14:31 Bow Saw
14:35 Squires
15:56 Scale Mail Armor
17:26 Gambesons
18:51 Chain Mail Armor
19:47 Forging
19:48 Pikeman
23:31 Pastoralism
24:33 Iron Casting
24:56 Hand Cart
MR WOODY
7:37 Feudal Age
8:22 Double-Bit Axe
8:35 Gold Mining
8:38 Stone Mining
17:56 Castle Age
19:33 Bow Saw
20:04 Gold Shaft Mining
19:43 Pikeman
21:59 Squires
22:31 Gambesons
23:12 Man-at-Arms
26:26 Imperial Age
Bwinthehouse
9:18 Feudal Age
9:40 Horse Collar
9:45 Double-Bit Axe
16:16 Castle Age
14:48 Stone Mining
14:48 Gold Mining
18:58 Bow Saw
18:48 Heavy Plow
21:09 Heavy Plow
21:47 Stone Shaft Mining
21:48 Gold Shaft Mining
21:58 Wheelbarrow
25:06 Loom
Connection lost

Rejoining the realm…

Still unreachable

The connection could not be restored.

Session expired

The server has moved on; the page needs a fresh start.